 Dungeon Crawl Stone Soup version 0.31.0-32-g396128a36d (webtiles) character file.

Game seed: 8872173280006035881

44 monsoonserge the Vexing (level 3, -1/29 HPs)
             Began as a Draconian Hexslinger on Mar 12, 2024.
             Slain by a gnoll
             ... wielding a +0 flail
              (10 damage)
             ... on level 2 of the Dungeon.
             The game lasted 00:02:07 (865 turns).

monsoonserge the Vexing (Draconian Hexslinger)       Turns: 865, Time: 00:02:07

Health: -1/29      AC:  8    Str: 10    XL:     3   Next: 41%
Magic:  0/4        EV: 12    Int: 13    God:
Gold:   40         SH:  0    Dex: 15    Spells: 2/4 levels left

rFire   . . .        f - +0 orcbow
rCold   . . .        (shield currently unavailable)
rNeg    . . .        (body armour unavailable)
rPois   .            (helmet restricted)
rElec   .            (no cloak)
rCorr   .            c - +2 pair of gloves
SInv    .            (no boots)
Will    .....        (no amulet)
Stlth   +            (no ring)
HPRegen 0.24/turn    (no ring)
MPRegen 0.09/turn

%: no passive effects
@: very slightly contaminated
A: AC +5, unfitting armour, cold-blooded
a: no special abilities


You were on level 2 of the Dungeon.
You visited 1 branch of the dungeon, and saw 2 of its levels.

You collected 40 gold pieces.

Inventory:

Hand Weapons
 a - a +1 sling
 f - a +0 orcbow (weapon)
Armour
 c - a +2 pair of gloves (worn)
Scrolls
 b - a scroll of poison
Potions
 d - a potion of cancellation {unknown}
 e - a potion of lignification {unknown}
 g - a potion of heal wounds {unknown}
 h - a potion of magic {unknown}
 i - a potion of curing {unknown}


   Skills:
 + Level 1.9 Fighting
 * Level 2.9 Ranged Weapons
 + Level 1.8 Dodging
 + Level 1.0 Spellcasting
 + Level 3.0 Hexes
 + Level 1.0 Fire Magic


You had 2 spell levels left.
You knew the following spells:

 Your Spells              Type           Power      Damage    Failure   Level
a - Jinxbite              Hex            16%        N/A       12%         2

Your spell library contained the following spells:

 Spells                   Type           Power      Damage    Failure   Level
 Sigil of Binding         Hex            8%         N/A       24%         3
 Inner Flame              Hex/Fire       5%         N/A       36%         3
 Cause Fear               Hex            4%         N/A       63%         4
 Dimensional Bullseye     Hex/Tloc       2%         N/A       83%         4


Dungeon Overview and Level Annotations

Branches:
Dungeon (2/15)

Altars:


Innate Abilities, Weirdness & Mutations

Your plain brown scales are hard. (AC +5)
You cannot fit into any form of body armour.
You are cold-blooded and may be slowed by cold attacks.


Message History

The gnoll misses you. The gnoll hits you but does no damage.
You shoot an arrow. The arrow hits the gnoll.
The gnoll is lightly wounded.
The gnoll barely misses you. x3
You shoot an arrow. The arrow hits the gnoll.
The gnoll is heavily wounded.
The gnoll barely misses you.
The gnoll hits you from afar with a +0 spear.
The gnoll hits you with a +0 flail.
You shoot an arrow. The arrow barely misses the gnoll.
The arrow closely misses the gnoll.
The gnoll hits you with a +0 flail.
The gnoll hits you from afar with a +0 spear.
Casting: Jinxbite (safe; 12% risk of failure)
Confirm with . or Enter, or press ? or * to list all spells.
You miscast Jinxbite.
You are very lightly contaminated with residual magic.
Nothing appears to happen.
The gnoll misses you.
Casting: Jinxbite (safe; 12% risk of failure)
Confirm with . or Enter, or press ? or * to list all spells.
You miscast Jinxbite.
Nothing appears to happen.
The gnoll closely misses you. The gnoll barely misses you.
Casting: Jinxbite (safe; 12% risk of failure)
Confirm with . or Enter, or press ? or * to list all spells.
You don't have enough magic to cast this spell.
Fire: f) +0 orcbow
Press: ? - help, Q - select action, (/) - cycle Shift-Dir - straight line, f/p - gnoll
Aim: a gnoll, wielding a +0 flail (heavily wounded, 54% to hit)
You shoot an arrow. The arrow hits the gnoll!
The gnoll is severely wounded.
The gnoll hits you from afar with a +0 spear.
The gnoll misses you.
Fire: f) +0 orcbow
Press: ? - help, Q - select action, (/) - cycle Shift-Dir - straight line, f/p - gnoll
Aim: a gnoll, wielding a +0 flail (heavily wounded, 54% to hit)
You shoot an arrow. The arrow closely misses the gnoll.
The arrow hits the gnoll!
The gnoll is almost dead.
The gnoll hits you from afar with a +0 spear.
The gnoll hits you with a +0 flail!
You die...

..# #.# #.#
#.# #.#
#########
#.#
#g†......
#.# #g# #<##
####g#
#..####..@.#
##.#....####
#.#.####
#...# #####


You could see 3 gnolls.

Vanquished Creatures
  A gnoll (D:1)
  A bat (D:1)
  3 endoplasms (D:1)
  4 goblins (D:1)
  5 hobgoblins (D:1)
  3 quokkas (D:1)
  4 ball pythons
  3 frilled lizards (D:1)
  5 kobolds (D:1)
  2 rats (D:1)
31 creatures vanquished.

Vanquished Creatures (others)
  A bat (D:1)
1 creature vanquished.

Grand Total: 32 creatures vanquished

Notes
Turn   | Place    | Note
-------+----------+-------------------------------------------
     0 | D:1      | monsoonserge the Draconian Hexslinger began the quest for
                  | the Orb.
     0 | D:1      | Reached XP level 1. HP: 16/16 MP: 2/2
   252 | D:1      | Reached XP level 2. HP: 23/23 MP: 3/3
   273 | D:1      | Reached skill level 3 in Hexes
   385 | D:1      | Reached XP level 3. HP: 24/28 MP: 4/4
   394 | D:1      | Learned a level 2 spell: Jinxbite
   865 | D:2      | Slain by a gnoll

Illustrated notes

Levels and vault maps discovered:
D:1:      dpeg_cavernosity, layout_rooms, minivault_11, minmay_tall_x
D:2:      layout_rooms, minmay_pentomino_o4

Skill      XL: |  1  2 |
---------------+-------+-----
Ranged Weapons | 2 |  2.9
Hexes          | 3 |  3.0
Fighting       | |  1.9
Dodging        | |  1.8
Spellcasting   | |  1.0
Fire Magic     | |  1.0

Action                     || total
---------------------------++-------
   Fire: Sling             ||    88
         Orcbow            ||    31
 Armour: Skin              ||    38
  Dodge: Dodged            ||    49
